 Dungeon Crawl Stone Soup version 0.19.4 (webtiles) character file.

1673 Gargoyl the Chopper (level 9, 0/74 HPs)
             Began as a Ghoul Abyssal Knight on Feb 3, 2017.
             Was a Priest of Lugonu.
             Killed themself with a badly aimed iceblast (14 damage)
             ... on level 6 of the Dungeon.
             The game lasted 00:11:14 (4933 turns).

Gargoyl the Chopper (Ghoul Abyssal Knight)          Turns: 4933, Time: 00:11:14

Health: 0/74       AC: 12    Str: 16    XL:     9   Next: 1%
Magic:  12/12      EV:  7    Int:  7    God:    Lugonu [***...]
Gold:   315        SH:  3    Dex: 11    Spells: 0 memorised, 8 levels left

rFire  . . .     SeeInvis +     e - +1 war axe
rCold  + + .     Gourm    .     i - +0 chain mail
rNeg   + + +     Faith    .     j - +0 buckler
rPois  ∞         Spirit   .     (no helmet)
rElec  .         Reflect  .     (no cloak)
rCorr  .         Harm     .     (no gloves)
MR     .....                    p - +1 pair of boots
Stlth  ..........               (no amulet)
                                g - ring of protection from cold
                                k - ring of see invisible

@: rotting
A: rotting body, claws 1, carnivore 3, cold resistance 1, negative energy
resistance 3, slow regeneration 1, torment resistance, unbreathing
a: Depart the Abyss, Bend Space, Banish, Renounce Religion


You were on level 6 of the Dungeon.
You worshipped Lugonu.
Lugonu was most pleased with you.
You were not hungry.

You visited 1 branch of the dungeon, and saw 6 of its levels.
You visited the Abyss 1 time.

You collected 315 gold pieces.

Inventory:

Hand Weapons
 a - a +1 hand axe
 e - a +1 war axe (weapon)
Armour
 i - a +0 chain mail (worn)
 j - a +0 buckler (worn)
 p - a +1 pair of boots (worn)
Jewellery
 g - a ring of protection from cold (right claw)
 k - a ring of see invisible (left claw)
 m - an uncursed ring of magical power
Wands
 b - a wand of iceblast (1/15)
 d - a wand of iceblast (0/15)
Scrolls
 n - 3 scrolls of identify
 o - 3 scrolls of fog
 r - a scroll of teleportation
Potions
 h - 3 potions of brilliance {unknown}
 l - a potion of flight {unknown}
 q - a potion of might {unknown}
 s - a potion of curing
 t - a potion of mutation {unknown}
Comestibles
 c - 4 meat rations
 f - a beef jerky


   Skills:
 + Level 5.5 Fighting
 + Level 6.1 Axes
 * Level 5.2 Armour
 + Level 2.1 Dodging
 + Level 1.0 Shields
 * Level 5.8 Invocations
 + Level 1.0 Evocations


You had 8 spell levels left.
You didn't know any spells.

Dungeon Overview and Level Annotations

Branches:
Dungeon (6/15)             Temple (0/1) D:6

Altars:
Nemelex Xobeh
Okawaru

Shops:
D:4 :


Innate Abilities, Weirdness & Mutations

Your body is rotting away.
You thrive on raw meat.
You are immune to poison.
You have sharp fingernails.
You are carnivorous and can eat meat at any time.
Your flesh is cold resistant. (rC+)
You are immune to negative energy. (rN+++)
You regenerate slowly when monsters are visible.
You are immune to unholy pain and torment.
You can survive without breathing.


Message History

Aim: a centaur (lightly wounded) That beam is likely to hit you.
Continue anyway?
The mass of ice explodes!
The iceblast engulfs the centaur.
The centaur is heavily wounded.
The iceblast engulfs the jackal.
You kill the jackal!
Lugonu accepts your kill.
The iceblast engulfs the gnoll.
You kill the gnoll!
Lugonu accepts your kill. The iceblast engulfs you!
This wand has 1 charge left.
The centaur hits you.
* * * LOW HITPOINT WARNING * * *
Zapping:
b - a wand of iceblast (1/15)
Press: ? - help, Shift-Dir - straight line, f/p - centaur
Aim: a centaur (heavily wounded) That beam is likely to hit you.
Continue anyway?
The mass of ice explodes!
The iceblast engulfs the centaur.
The centaur is severely wounded.
The iceblast engulfs you! You partially resist.
You die...

#.# #####.#### #.# #.# #.#
#.# #.# #.# #.# #.# #.#
#.# #.# #.#####
#######.##########.....#
#..h.hg)c@.....<....##.###
#.#####(###########.......
#(# #....... #####(#
#....... #...((# #.......
#.##### ########.......
#.# #....[......... #.#
#.######....... #.# #.#
###..###


You could see a centaur, a gnoll and 2 jackals.

Vanquished Creatures
  The ghost of kwasso the Shield-Bearer, a novice FoFi of Qazlal (D:5)
  A sky beast (D:5)
  4 ogres
  5 scorpions
  2 vampire bats (D:4)
  A howler monkey (D:4)
  A crimson imp (D:5)
  2 orc wizards
  A bullfrog skeleton (D:6)
  2 hounds
  2 worker ants
  An iguana (D:4)
  A killer bee zombie (D:6)
  A hound skeleton (D:4)
  A howler monkey skeleton (D:6)
  3 gnolls
  5 adders
  A shadow imp (D:6)
  3 worms
  2 dart slugs
  A leopard gecko (D:4)
  10 orcs
  A ball python (D:2)
  A giant cockroach (D:1)
  9 goblins
  6 hobgoblins
  7 jackals
  8 kobolds
  19 bats
  3 frilled lizards
  5 rats
  5 fungi (D:4)
115 creatures vanquished.

Notes
Turn   | Place    | Note
-------+----------+-------------------------------------------
     0 | Abyss:1  | Gargoyl the Ghoul Abyssal Knight began the quest for the Orb.
     0 | Abyss:1  | Reached XP level 1. HP: 19/19 MP: 1/1
   106 | Abyss:4  | Noticed a spatial maelstrom
   106 | Abyss:4  | Noticed a tentacled starspawn
   107 | D:1      | Escaped the Abyss
   122 | D:1      | Reached XP level 2. HP: 13/26 MP: 2/2
   170 | D:1      | Reached skill level 2 in Axes
   267 | D:1      | Reached * piety under Lugonu
   281 | D:1      | Reached skill level 1 in Dodging
   338 | D:1      | Found an iron altar of Okawaru.
   362 | D:1      | Reached XP level 3. HP: 6/33 MP: 3/3
  1142 | D:2      | Reached XP level 4. HP: 28/39 MP: 4/4
  1277 | D:2      | Found a sparkling altar of Nemelex Xobeh.
  1764 | D:3      | Reached ** piety under Lugonu
  2218 | D:4      | Noticed an ogre
  2221 | D:4      | Killed an ogre
  2221 | D:4      | Reached skill level 3 in Axes
  2221 | D:4      | Reached XP level 5. HP: 46/46 MP: 6/6
  2354 | D:4      | Reached XP level 6. HP: 20/52 MP: 7/7
  2420 | D:4      | Found Zoweer's Book Shoppe.
  2766 | D:4      | Reached XP level 7. HP: 47/60 MP: 9/9
  2807 | D:4      | Reached skill level 4 in Axes
  2992 | D:4      | Reached skill level 5 in Fighting
  3563 | D:5      | Entered Level 5 of the Dungeon
  3652 | D:5      | Noticed kwasso's ghost (novice FoFi)
  3667 | D:5      | Killed kwasso's ghost
  3667 | D:5      | Reached skill level 5 in Axes
  3667 | D:5      | Reached skill level 5 in Invocations
  3667 | D:5      | Reached XP level 8. HP: 30/68 MP: 10/10
  4212 | D:5      | Reached skill level 5 in Armour
  4212 | D:5      | Reached skill level 1 in Shields
  4212 | D:5      | Reached skill level 1 in Evocations
  4631 | D:6      | Found a staircase to the Ecumenical Temple.
  4637 | D:6      | Reached *** piety under Lugonu
  4679 | D:6      | Reached skill level 6 in Axes
  4873 | D:6      | Reached XP level 9. HP: 74/74 MP: 12/12
  4933 | D:6      | Killed themself with a badly aimed iceblast

Skill      XL: |  1  2  3  4  5  6  7  8 |
---------------+-------------------------+-----
Axes           | 2 3 5 6 |  6.1
Dodging        | 1 2 |  2.1
Armour         | 2 3 4 5 |  5.2
Fighting       | 4 5 |  5.5
Invocations    | 3 4 5 |  5.8
Shields        | 1 |  1.0
Evocations     | 1 |  1.0

Action                   |  1- 3 |  4- 6 |  7- 9 || total
-------------------------+-------+-------+-------++-------
Melee: War axe           |   105 |   154 |   215 ||   474
Invok: Depart the Abyss  |     1 |       |       ||     1
Evoke: Wand              |     2 |     3 |    13 ||    18
  Use: Scroll            |     6 |    10 |     3 ||    19
       Potion            |     4 |       |     1 ||     5
  Eat: Chunk             |    15 |    19 |    19 ||    53
Armor: Leather armour    |    46 |       |       ||    46
       Chain mail        |    17 |   141 |   185 ||   343
       Scale mail        |     6 |       |       ||     6
Dodge: Dodged            |    80 |    62 |    71 ||   213
Block: Buckler           |     1 |    15 |    32 ||    48
